 Dungeon Crawl Stone Soup version 0.19.1 (webtiles) character file.

14 lolipop the Caller (level 2, -1/20 HPs)
             Began as a Ghoul Summoner on Dec 26, 2016.
             Slain by a hobgoblin
             ... wielding a +0 club
              (3 damage)
             ... on level 1 of the Dungeon.
             The game lasted 00:09:17 (867 turns).

lolipop the Caller (Ghoul Summoner)                  Turns: 867, Time: 00:09:17

Health: -1/20      AC:  2    Str: 11    XL:     2   Next: 41%
Magic:  3/3        EV: 12    Int: 10    God:
Gold:   17         SH:  0    Dex:  9    Spells: 1 memorised, 3 levels left

rFire  . . .     SeeInvis .     e - +0 mace
rCold  + . .     Gourm    .     a - +0 robe
rNeg   + + +     Faith    .     (no shield)
rPois  ∞         Spirit   .     (no helmet)
rElec  .         Reflect  .     (no cloak)
rCorr  .         Harm     .     (no gloves)
MR     .....                    (no boots)
Stlth  ++........               (no amulet)
                                (no ring)
                                (no ring)

@: rotting
A: rotting body, claws 1, carnivore 3, cold resistance 1, negative energy
resistance 3, slow regeneration 1, torment resistance, unbreathing
a: no special abilities


You were on level 1 of the Dungeon.
You were not hungry.

You visited 1 branch of the dungeon, and saw 1 of its levels.

You collected 17 gold pieces.

Inventory:

Hand Weapons
 d - a +1 dagger
 e - a +0 mace (weapon)
 f - a +0 club
Armour
 a - a +0 robe (worn)
Books
 b - a book of Callings

   Spells                             Type                      Level
   a - Summon Small Mammal            Summoning                    1
   b - Call Imp                       Summoning                    2
   c - Call Canine Familiar           Summoning                    3
   d - Summon Guardian Golem          Hexes/Summoning              3
   e - Summon Lightning Spire         Summoning/Air                4
   f - Summon Ice Beast               Ice/Summoning                4
Comestibles
 c - a meat ration
 g - 4 fruits


   Skills:
 + Level 0.1 Maces & Flails
 + Level 1.8 Dodging
 + Level 2.2 Stealth
 * Level 0.7 Unarmed Combat
 + Level 1.9 Spellcasting
 + Level 3.8 Summonings


You had 3 spell levels left.
You knew the following spells:

 Your Spells              Type           Power        Failure   Level  Hunger
a - Summon Small Mammal   Summ           #...         10%         1    ##.....


Dungeon Overview and Level Annotations

Branches:
Dungeon (1/15)

Altars:


Innate Abilities, Weirdness & Mutations

Your body is rotting away.
You thrive on raw meat.
You are immune to poison.
You have sharp fingernails.
You are carnivorous and can eat meat at any time.
Your flesh is cold resistant. (rC+)
You are immune to negative energy. (rN+++)
You regenerate slowly when monsters are visible.
You are immune to unholy pain and torment.
You can survive without breathing.


Message History

The leopard gecko barely misses you.
You closely miss the leopard gecko. The leopard gecko barely misses you.
A hobgoblin comes into view. It is wielding a club.
You closely miss the leopard gecko. The leopard gecko bites you.
The leopard gecko closely misses you.
You hit the leopard gecko.
The leopard gecko is almost dead.
The leopard gecko bites you. x2
You closely miss the leopard gecko.
The leopard gecko is almost dead.
The leopard gecko bites you but does no damage.
You hit the leopard gecko.
You kill the leopard gecko!
You closely miss the hobgoblin. The hobgoblin barely misses you.
You hit the hobgoblin.
The hobgoblin is heavily wounded.
The hobgoblin hits you with a club!
* * * LOW HITPOINT WARNING * * *
The hobgoblin hits you with a club.
You die...

###.# #..........#
#.# .b..#
######.###.######÷#
......
#.............#
###.##
#.####.##.###.# #
#.# #.##.# #....# #
#.# #.##.# #.##.# #
#.# #.##.# #.# # #
#.# #.##.# #.# #
#@# ..##.# #.# #g#
####.# #.# .#. ..#
## ##


You could see a hobgoblin.

Vanquished Creatures
  2 leopard geckos (D:1)
  2 goblins (D:1)
  A hobgoblin (D:1)
  2 jackals (D:1)
  A bat (D:1)
  A frilled lizard (D:1)
  2 rats (D:1)
11 creatures vanquished.

Vanquished Creatures (collateral kills)
  A rat (D:1)
1 creature vanquished.

Grand Total: 12 creatures vanquished

Notes
Turn   | Place    | Note
-------+----------+-------------------------------------------
     0 | D:1      | lolipop the Ghoul Summoner began the quest for the Orb.
     0 | D:1      | Reached XP level 1. HP: 14/14 MP: 2/2
   668 | D:1      | Reached XP level 2. HP: 18/18 MP: 3/3
   867 | D:1      | Slain by a hobgoblin

Action                   || total
-------------------------++-------
Melee: Unarmed           ||    26
       Mace              ||    23
       Dagger            ||     2
 Cast: Summon Small Mamm ||     6
  Use: Scroll            ||     2
 Stab: Sleeping          ||     2
  Eat: Chunk             ||     7
Armor: Robe              ||    25
Dodge: Dodged            ||    43
